 Dungeon Crawl Stone Soup version 0.31-a0-188-g5e087ee2ca (webtiles) character file.

Game seed: 10376582103451927864

259 qw the Skirmisher (level 5, -5/30 HPs)
             Began as a Deep Elf Hunter on June 23, 2023.
             Slain by an iguana (11 damage)
             ... on level 4 of the Dungeon.
             The game lasted 00:01:12 (3543 turns).

qw the Skirmisher (Deep Elf Hunter)                 Turns: 3543, Time: 00:01:12

Health: -5/30      AC:  7    Str:  9    XL:     5   Next: 95%
Magic:  7/7        EV: 11    Int: 18    God:
Gold:   210        SH:  0    Dex: 17    Spells: 4/4 levels left

rFire   . . .        Y - +1 shortbow
rCold   . . .        (shield currently unavailable)
rNeg    . . .        i - +0 ring mail
rPois   +            d - +0 helmet
rElec   .            (no cloak)
rCorr   .            a - +0 pair of gloves
SInv    .            (no boots)
Will    .....        (no amulet)
Stlth   ++           (no ring)
HPRegen 0.25/turn    (no ring)
MPRegen 0.10/turn

%: no passive effects
@: no status effects
A: clever 1, poison resistance, sturdy frame 1
a: no special abilities


You were on level 4 of the Dungeon.
You visited 1 branch of the dungeon, and saw 5 of its levels.

You collected 210 gold pieces.


Innate Abilities, Weirdness & Mutations

Your mind is acute. (Int +4, Str/Dex -1)
Your system is resistant to poisons. (rPois)
Your movements are slightly less encumbered by armour. (ER -2)


   Skills:
 - Level 2.0 Fighting
 + Level 9.0 Ranged Weapons
 - Level 1.1 Armour
 - Level 2.4 Dodging
 - Level 1.2 Stealth


You had 4 spell levels left.
You didn't know any spells.
Your spell library was empty.

Inventory:

Hand Weapons
 Y - a +1 shortbow (weapon)
Armour
 a - a +0 pair of gloves (worn)
 d - a +0 helmet (worn)
 i - a +0 ring mail (worn)
Scrolls
 h - a scroll of identify
Potions
 b - a potion of resistance {unknown}
 c - a potion of curing {unknown}
 f - a potion of heal wounds {unknown}
 g - a potion of mutation
 k - a potion of magic {unknown}

Dungeon Overview and Level Annotations

Branches:
Dungeon (5/15)
 Temple: D:4-7

Altars:

Annotations:
D:2 1 runed translucent door, Crazy Yiuf


Message History

You shoot an arrow.
The arrow hits the kobold but does no damage.
Done exploring.
(D) Dungeon
Where to? (* - list waypoints, Enter - D:5, ? - help)
What level of the Dungeon? (default 1, ? - help)
You shoot an arrow.
The arrow hits the kobold but does no damage.
You shoot an arrow. The arrow barely misses the kobold.
The kobold closely misses you.
You shoot an arrow. The arrow hits the kobold.
You kill the kobold!
Done exploring.
(D) Dungeon
Where to? (* - list waypoints, Enter - D:5, ? - help)
What level of the Dungeon? (default 1, ? - help)
You see here a +0 short sword.
There is a stone staircase leading down here.
You climb downwards.
The iguana barely misses you.
There is a stone staircase leading up here.
An iguana is nearby!
You shoot an arrow. The arrow barely misses the iguana.
The iguana bites you.
You shoot an arrow. The arrow barely misses the iguana.
The iguana bites you but does no damage.
You shoot an arrow. The arrow hits the iguana.
The iguana is lightly wounded.
The iguana bites you!
3540 ||| STAIRDANCE The iguana bites you!
You climb upwards.
There is a stone staircase leading down here.
You shoot an arrow.
The arrow hits the iguana but does no damage.
The iguana is lightly wounded.
The iguana bites you.
You shoot an arrow. The arrow hits the iguana.
The iguana is heavily wounded.
The iguana bites you!
You die...

#.##...'................#.##.# #.
#+##...#...####.###.....#.##.# #.
...#...#...## #.# #.......##.# #.
...#...#....###.# #......###+###.
...#...#........# #.W...###......
...#...#...####.###.....# #......
..##...#...# #.)#......# #......
#.##...#...# #.........###......
#.##...#...####.@...###..........
#.####.........(.l....'....:.....
#....#.#######..)...###..........
####.#'## #....###.# #..........
##......# #....# #.# #..........
........# #....###.# #####......
##......# #........# #......
#......# #...###### #######.
#......####...# #...# #.


You could see a phantom and an iguana.

Vanquished Creatures
  A jelly (D:4)
  Jessica (D:3)
  An iguana (D:4)
  An orc wizard (D:4)
  7 adders
  3 worms
  8 orcs
  A ball python (D:2)
  5 bats
  7 endoplasms
  8 giant cockroaches
  7 goblins
  6 hobgoblins
  2 jackals (D:4)
  3 quokkas
  3 frilled lizards
  5 kobolds
  3 rats
72 creatures vanquished.

Notes
Turn   | Place    | Note
-------+----------+-------------------------------------------
     0 | D:1      | qw the Deep Elf Hunter began the quest for the Orb.
     0 | D:1      | Reached XP level 1. HP: 12/12 MP: 3/3
     0 | D:1      | 0 ||| qw: Version: 0.3-a-9-g12657ce
     0 | D:1      | 0 ||| qw: Game counter: 4373
     0 | D:1      | 0 ||| qw: Always use a shield: true
     0 | D:1      | 0 ||| qw: God list: Okawaru
     0 | D:1      | 0 ||| qw: Allow faded altars: false
     0 | D:1      | 0 ||| qw: Do Orc after D:15 true
     0 | D:1      | 0 ||| qw: Do second Lair branch before Depths: true
     0 | D:1      | 0 ||| qw: Lair rune preference: random
     0 | D:1      | 0 ||| qw: Plans: Normal
     0 | D:1      | 0 ||| PLANNING D:1-11
   322 | D:1      | Reached skill level 6 in Ranged Weapons
   322 | D:1      | Reached XP level 2. HP: 16/16 MP: 4/4
   569 | D:1      | 569 ||| UPGRADING to +0 helmet.
   574 | D:1      | 574 ||| UPGRADING to +0 ring mail.
   584 | D:1      | 584 ||| DROPPING +0 leather armour.
   585 | D:1      | 585 ||| READING scroll labelled ZUYQISO MUUF.
   586 | D:1      | 586 ||| READING scroll labelled GIEVUFOUPS.
   587 | D:1      | 587 ||| READING 2 scrolls labelled ZAPPAJ ECHYOCLU.
   588 | D:1      | 588 ||| READING scroll labelled TUCKAANIWU.
   589 | D:1      | 589 ||| DROPPING scroll of butterflies.
   590 | D:1      | 590 ||| DROPPING scroll of blinking.
   674 | D:2      | Reached XP level 3. HP: 10/20 MP: 5/5
   781 | D:2      | Reached skill level 7 in Ranged Weapons
   874 | D:2      | Found a runed translucent door.
   875 | D:2      | Noticed Crazy Yiuf
  1092 | D:2      | 1092 ||| FLEEEEING.
  1500 | D:2      | 1500 ||| UPGRADING to +0 pair of gloves.
  1505 | D:2      | 1505 ||| READING scroll labelled FURILIOFOCK.
  1553 | D:2      | 1553 ||| DRINKING 2 bubbling puce potions.
  1554 | D:2      | 1554 ||| DRINKING 2 white potions.
  1554 | D:2      | Gained mutation: Your movements are slightly less
                  | encumbered by armour. (ER -2) [potion of mutation]
  1554 | D:2      | Gained mutation: Your system is resistant to poisons.
                  | (rPois) [potion of mutation]
  1554 | D:2      | Gained mutation: Your mind is acute. (Int +4, Str/Dex -1)
                  | [potion of mutation]
  1555 | D:2      | 1555 ||| DROPPING potion of attraction.
  1596 | D:3      | 1596 ||| PLANNING SEWER
  1634 | D:3      | Reached XP level 4. HP: 25/25 MP: 6/6
  1735 | D:3      | Noticed Jessica
  1743 | D:3      | Killed Jessica
  1809 | D:3      | Reached skill level 8 in Ranged Weapons
  1818 | D:3      | 1818 ||| FLEEEEING.
  1819 | D:3      | 1819 ||| FLEEEEING.
  1820 | D:3      | 1820 ||| FLEEEEING.
  1821 | D:3      | 1821 ||| FLEEEEING.
  1822 | D:3      | 1822 ||| FLEEEEING.
  1823 | D:3      | 1823 ||| FLEEEEING.
  1824 | D:3      | 1824 ||| FLEEEEING.
  1825 | D:3      | 1825 ||| FLEEEEING.
  1826 | D:3      | 1826 ||| FLEEEEING.
  1827 | D:3      | 1827 ||| FLEEEEING.
  1828 | D:3      | 1828 ||| FLEEEEING.
  1829 | D:3      | 1829 ||| FLEEEEING.
  1830 | D:3      | 1830 ||| FLEEEEING.
  1831 | D:3      | 1831 ||| FLEEEEING.
  1864 | D:3      | You fall into a shaft and drop 2 floors!
  1864 | D:5      | Entered Level 5 of the Dungeon
  1865 | D:5      | 1865 ||| READING scroll labelled ETIUM PYUDOM.
  1869 | D:5      | 1869 ||| FLEEEEING.
  1870 | D:5      | 1870 ||| STAIRDANCE
  1895 | D:4      | Reached XP level 5. HP: 29/29 MP: 7/7
  2176 | D:4      | 2176 ||| READING scroll labelled OREOSUMN ZOAT.
  2230 | D:4      | 2230 ||| READING scroll labelled JERIZE ZUCEM.
  2235 | D:4      | 2235 ||| STAIRDANCE
  2332 | D:3      | 2332 ||| RIP SEWER
  2407 | D:3      | 2407 ||| PLANNING D:1-11
  2881 | D:3      | 2881 ||| READING scroll labelled FOKHEJ JEEGO.
  2882 | D:3      | 2882 ||| DRINKING 2 metallic purple potions.
  2912 | D:3      | 2912 ||| DROPPING potion of lignification.
  2936 | D:4      | Reached skill level 9 in Ranged Weapons
  3033 | D:4      | Noticed a phantom
  3045 | D:4      | HP: 7/30 [phantom (4)]
  3046 | D:4      | 3046 ||| READING scroll of teleportation.
  3434 | D:4      | Reached skill level 1 in Armour
  3496 | D:4      | 3496 ||| READING scroll labelled BAHOORR NOVEO.
  3497 | D:4      | 3497 ||| READING 2 scrolls labelled DURIBO WEKI.
  3540 | D:5      | 3540 ||| STAIRDANCE
  3542 | D:4      | HP: 6/30 [iguana (5)]
  3543 | D:4      | Slain by an iguana

Levels and vault maps discovered:
D:1:      saegor_arrival_simple_d, layout_rooms, serial_rivers,
          chequers_serial_rivers_room_b, chequers_serial_rivers_large_a,
          chequers_serial_rivers_micro_e, chequers_serial_rivers_small_3,
          chequers_serial_rivers_room_a, chequers_serial_rivers_micro_c
D:2:      layout_loops_ring, minmay_goblin_outpost, uniq_crazy_yiuf_cottage
D:3:      layout_basic, portal_sewer_entry_f, minivault_14,
          serial_bayou_crossing, uniq_jessica
D:4:      layout_basic, kennysheep_generic_room_4
D:5:      lemuel_insect_pit, layout_cave_pools

Skill      XL: |  1  2  3  4  5 |
---------------+----------------+-----
Ranged Weapons | 6 7 8 9 |  9.0
Fighting       | 2 |  2.0
Armour         | 1 |  1.1
Dodging        | |  2.4
Stealth        | |  1.2

Action                     |  1- 3 |  4- 6 || total
---------------------------+-------+-------++-------
   Fire: Shortbow          |    91 |   155 ||   246
    Use: Scroll            |     5 |     7 ||    12
         Potion            |     2 |     1 ||     3
 Armour: Ring mail         |    14 |    19 ||    33
  Dodge: Dodged            |    24 |    27 ||    51

Table legend:
 A = Non-vault XP
 B = Vault XP
 C = Vault XP percentage of total XP
 D = Non-vault monster count
 E = Vault monster count
 F = Vault count percentage of total count
                 A         B        C        D         E       F
            +---------+---------+-------+---------+---------+-------
      Total |     315 |      56 |  15.1 |      61 |      11 |  15.3
            +---------+---------+-------+---------+---------+-------
        D:1 |      13 |       0 |   0.0 |       7 |       0 |   0.0
        D:2 |      74 |       9 |  10.8 |      15 |       5 |  25.0
        D:3 |      44 |      47 |  51.6 |      20 |       6 |  23.1
        D:4 |     184 |       0 |   0.0 |      19 |       0 |   0.0
            +---------+---------+-------+---------+---------+-------
